 Dungeon Crawl Stone Soup version 0.18-a0-43-g402c68f (webtiles) character file.

60 Dreamy the Poker (level 3, -1/30 HPs)
             Began as a Centaur Gladiator on Nov 7, 2015.
             Slain by an orc
             ... wielding a +0 mace
              (3 damage)
             ... on level 3 of the Dungeon.
             The game lasted 00:14:56 (2646 turns).

Dreamy the Poker (Centaur Gladiator)                Turns: 2646, Time: 00:15:02

Health: -1/30      AC:  8    Str: 18    XL:     3   Next: 82%
Magic:  3/3        EV:  5    Int:  7    God:
Gold:   75         SH:  0    Dex:  9    Spells: 0 memorised, 2 levels left

rFire  . . .     SeeInvis .     o - +0 rod of clouds (12/12)
rCold  . . .     Clarity  .     r - +0 chain mail
rNeg   + . .     SustAt   .     (no shield)
rPois  .         Gourm    .     c - +0 helmet
rElec  .         Spirit   .     (no cloak)
rCorr  .         Warding  .     (no gloves)
rMut   .         Stasis   .     (no barding)
MR     .....                    (no amulet)
Stlth  ..........               (no ring)
                                k - ring of positive energy

@: flying, very quick, not resistant to hostile enchantments, extremely
unstealthy
A: hooves 3, deformed body, speed 2, tough skin 3
a: no special abilities


You were on level 3 of the Dungeon.
You were not hungry.

You visited 1 branch of the dungeon, and saw 3 of its levels.

You collected 75 gold pieces.

Inventory:

Hand Weapons
 a - a +0 trident
Missiles
 d - 3 throwing nets
 j - 6 javelins (quivered)
Armour
 c - a +0 helmet (worn)
 p - a +0 ring mail
 r - a +0 chain mail (worn)
Rods
 o - a +0 rod of clouds (12/12) (weapon)
   (You found it on level 2 of the Dungeon)
Jewellery
 k - a ring of positive energy (left hand)
Scrolls
 e - 2 scrolls of identify {unknown}
 f - a scroll of remove curse {unknown}
 g - a scroll of fear {unknown}
 q - a scroll of noise {unknown}
 s - a scroll of recharging {unknown}
Potions
 b - a potion of flight
 i - a potion of cure mutation {unknown}
 l - a potion of heal wounds
Comestibles
 h - 7 fruits
 m - a slice of pizza
 n - a bread ration


   Skills:
 + Level 2.6 Fighting
 + Level 3.1 Polearms
 + Level 2.4 Throwing
 + Level 0.2 Armour
 + Level 2.7 Dodging
 + Level 0.2 Stealth


You had 2 spell levels left.
You didn't know any spells.

Dungeon Overview and Level Annotations

Branches:
Dungeon (3/15)

Altars:


Innate Abilities, Weirdness & Mutations

You have hooves in place of feet.
Armour fits poorly on your strangely shaped body.
You cover ground very quickly.
You have extremely tough skin (AC +3).


Message History

The orc hits you but does no damage. The orc hits you.
The orc hits you but does no damage. The orc barely misses you.
You hit the orc. You kick the orc, but do no damage.
The orc is severely wounded.
The orc closely misses you. The orc barely misses you.
The orc hits you but does no damage. The orc hits you with a mace.
You barely miss the orc.
The orc is severely wounded.
The orc hits you but does no damage. x2
The orc hits you. The orc hits you with a mace.
* * * LOW HITPOINT WARNING * * *
The orc hits you but does no damage. x2
You hit the orc but do no damage.
The orc is severely wounded.
The orc hits you.
* * * LOW HITPOINT WARNING * * *
The orc hits you but does no damage. The orc hits you with a hand axe.
* * * LOW HITPOINT WARNING * * *
The orc hits you with a mace.
You die...

###############
.....#........#
..............#
#o@o..!..#
##.oo.....#
##.......###
#.#........<..
#.............
....?...#.#...###
####.#....#...#
#.#..........
#.#...........


You could see 4 orcs.

Vanquished Creatures
  A gnoll (D:1)
  An adder (D:2)
  2 oozes
  A giant gecko (D:1)
  An orc (D:3)
  A giant cockroach (D:2)
  3 hobgoblins
  4 jackals (D:1)
  5 bats
  4 giant newts
  4 kobolds
  9 rats
36 creatures vanquished.

Notes
Turn   | Place    | Note
--------------------------------------------------------------
     0 | D:1      | Dreamy the Centaur Gladiator began the quest for the Orb.
     0 | D:1      | Reached XP level 1. HP: 17/17 MP: 1/1
   805 | D:1      | Reached XP level 2. HP: 21/24 MP: 2/2
   957 | D:1      | Reached skill level 3 in Polearms
  1167 | D:1      | Reached XP level 3. HP: 26/29 MP: 3/3
  1616 | D:2      | Identified a +0 rod of clouds (12/12) (You found it on level 2 of the Dungeon)
  2646 | D:3      | Slain by an orc

Vault maps used:
D:1:      onia_arrival_pyramid
D:2:      makhleb_altar_promises_db
D:3:      first_bread, minmay_misc_feat_tiny

Action                   || total
-------------------------++-------
Melee: Trident           ||    77
       Rod               ||    73
  Use: Potion            ||     2
  Eat: Bread ration      ||     1
       Pizza             ||     1
